 Dungeon Crawl Stone Soup version 0.31.0-11-ge490571c62 (webtiles) character file.

Game seed: 16252109063235169960

2121 Aviak the Apothecary (level 9, -9/69 HPs)
             Began as a Formicid Alchemist on Feb 2, 2024.
             Was an Elder of Zin.
             Killed from afar by an electric eel (12 damage)
             ... with a bolt of electricity
             ... on level 7 of the Dungeon.
             The game lasted 00:16:04 (7650 turns).

Aviak the Apothecary (Formicid Alchemist)           Turns: 7650, Time: 00:16:05

Health: -9/69      AC:  7    Str: 17    XL:     9   Next: 54%
Magic:  8/15       EV: 11    Int: 15    God:    Zin [****..]
Gold:   85         SH:  4    Dex: 14    Spells: 13/16 levels left

rFire   + . .        d - +1 trident
rCold   . . .        y - +0 buckler
rNeg    . . .        g - +0 ring mail
rPois   .            (helmet unavailable)
rElec   .            A - +0 cloak {Will+}
rCorr   .            (no gloves)
SInv    +            (no boots)
Will    +....        (no amulet)
Stlth   +            e - ring of flight
HPRegen 0.31/turn    F - ring of protection from fire
MPRegen 0.14/turn

%: no passive effects
@: flying
A: permanent stasis, dig shafts and tunnels, antennae 3, four strong arms
a: Dig, Shaft Self, Renounce Religion, Recite, Vitalisation, Imprison, Donate
Gold


You were on level 7 of the Dungeon.
You worshipped Zin.
Zin was greatly pleased with you.
You visited 2 branches of the dungeon, and saw 8 of its levels.
You also visited: Ossuary.

You collected 373 gold pieces.
You spent 251 gold pieces at shops.
You donated 37 gold pieces to Zin.

Inventory:

Hand Weapons
 d - a +1 trident (weapon)
 u - a +0 halberd
Armour
 a - a +0 robe
 g - a +0 ring mail (worn)
 y - a +0 buckler (worn)
 A - a +0 cloak of willpower (worn)
Jewellery
 e - a ring of flight (left hand)
 F - a ring of protection from fire (right hand)
Wands
 l - a wand of charming (13)
 x - a wand of flame (17)
Scrolls
 i - 7 scrolls of identify
 j - 2 scrolls of noise {unknown}
 k - 2 scrolls of enchant weapon
 n - a scroll of amnesia
 t - a scroll of vulnerability {unknown}
 v - a scroll of revelation {unknown}
 w - a scroll of fog {unknown}
 z - a scroll of acquirement {unknown}
Potions
 b - 2 potions of magic
 c - a potion of curing
 f - 2 potions of haste
 h - 2 potions of brilliance {unknown}
 m - a potion of might
 o - a potion of mutation {unknown}
 p - 2 potions of enlightenment {unknown}
 q - a potion of ambrosia {unknown}
 r - a potion of resistance
 s - a potion of cancellation {unknown}


   Skills:
 - Level 6.0 Fighting
 + Level 4.9 Polearms
 - Level 6.0 Armour
 - Level 2.5 Dodging
 - Level 2.4 Stealth
 + Level 1.1 Shields
 - Level 4.0 Spellcasting
 - Level 1.0 Conjurations
 - Level 6.0 Alchemy
 + Level 5.7 Invocations


You had 13 spell levels left.
You knew the following spells:

 Your Spells              Type           Power      Damage    Failure   Level
a - Sting                 Conj/Alch      52%        1d6       10%         1
b - Mercury Vapours       Alch/Air       24%        N/A       19%         2

Your spell library contained the following spells:

 Spells                   Type           Power      Damage    Failure   Level
 Olgreb's Toxic Radiance  Alch           21%        N/A       34%         4
 Slow                     Hex            12%        N/A       38%         1
 Mephitic Cloud           Conj/Alch/Air  9%         N/A       43%         3
 Static Discharge         Conj/Air       8%         3-4/arc   45%         2
 Dazzling Flash           Conj/Hex       8%         N/A       69%         3
 Sticky Flame             Fire/Alch      12%        2d5       75%         4
 Confusing Touch          Hex            3%         N/A       77%         3
 Fugue of the Fallen      Necr           3%         N/A       77%         3
 Ozocubu's Armour         Ice            3%         N/A       77%         3
 Sigil of Binding         Hex            3%         N/A       77%         3
 Vampiric Draining        Necr           3%         2d6       77%         3
 Airstrike                Air            1%         2d(1-17)  99%         4
 Manifold Assault         Tloc           3%         N/A       99%         4
 Summon Lightning Spire   Summ/Air       3%         N/A       99%         4
 Curse of Agony           Necr           3%         N/A       100%        5
 Silence                  Hex/Air        1%         N/A       100%        5


Dungeon Overview and Level Annotations

Branches:
Dungeon (7/15)             Temple (1/1) D:4         Ossuary (visited)

Altars:
Cheibriados
Dithmenos
Elyvilon
Fedhas
Gozag
Hepliaklqana
Kikubaaqudgha
Makhleb
Nemelex Xobeh
Okawaru
Qazlal
Ru
Sif Muna
Vehumet
Wu Jian
Xom
Yredelemnul
Zin
The Shining One

Shops:
D:6 [[=


Innate Abilities, Weirdness & Mutations

You cannot be hasted, slowed, berserked, paralysed or teleported.
You can dig through walls and to a lower floor.
You have a pair of large antennae on your head. (SInv)
Your four strong arms can wield two-handed weapons with a shield.


Message History

The bolt of electricity hits the plant!
The bolt of electricity hits you!
Casting: Mercury Vapours (safe; 19% risk of failure)
Confirm with . or Enter, or press ? or * to list all spells.
Aiming: Mercury Vapours (safe; 19% risk of failure)
Press: ? - help, Dir - move target, f/p - electric eel
Aim: an electric eel (lightly wounded, very poisoned, weak, chance to weaken: 99%) Fumes of mercury billow around the electric eel!
The electric eel looks as sick as possible!
The electric eel looks even weaker.
A nearby plant withers and dies.
An electric eel comes into view.
Casting: Mercury Vapours (safe; 19% risk of failure)
Confirm with . or Enter, or press ? or * to list all spells.
Aiming: Mercury Vapours (safe; 19% risk of failure)
Press: ? - help, Dir - move target, f/p - electric eel
Aim: an electric eel (heavily wounded, extremely poisoned, weak, chance to weaken: 99%) Fumes of mercury billow around the electric eel!
The electric eel looks as sick as possible!
The electric eel looks even weaker.
The electric eel shoots out a bolt of lightning at you!
The bolt of electricity hits you!
The bolt of electricity hits the plant.
The plant begins to die.
You barely miss the electric eel.
The electric eel is heavily wounded.
The electric eel shoots out a bolt of lightning at you!
The bolt of electricity hits you!
* * * LOW HITPOINT WARNING * * *
The bolt of electricity hits the plant!
Aiming: Throw Flame
Press: ? - help, Shift-Dir - straight line, f/p - electric eel
Aim: an electric eel (heavily wounded, extremely poisoned, weak, 48% to hit)
The puff of flame hits the electric eel.
The electric eel is severely wounded.
The electric eel is engulfed in a cloud of scalding steam.
The electric eel shoots out a bolt of lightning at you!
The bolt of electricity hits you!
* * * LOW HITPOINT WARNING * * *
The bolt of electricity hits the plant!
The electric eel shoots out a bolt of lightning at you!
The bolt of electricity hits you!
You die...

♣♣♣≈≈≈≈≈≈≈≈≈~
♣~~S≈≈≈≈≈≈≈≈P♣
♣~P~~≈≈≈≈≈~~~♣ ♣♣
♣~~~~≈≈≈≈≈~~P♣ ♣P~
♣~~~~≈≈≈≈≈~~P♣.
♣♣P~P
#♣~~~~≈~≈≈~P~P.
~P~~. #~~~~P≈≈~~~~~♣
~~~..##♣~~P~~~~~~P♣
.P~.....~P~~~@S~♣~~
..P.....♣♣~~P~~~~~♣
........♣~~P~P♣~~~P#
........♣♣♣~PP~~♣~♣#
####.......♣†PP♣♣ #
##......♣♣♣♣♣
#.......♣♣♣
#.........#
#.........#


You could see 2 electric eels.

Vanquished Creatures
  Grinder (D:5)
  A steam dragon (D:6)
  A black bear (D:5)
  5 ogres
  2 elf zombies (Ossuary)
  A weeping skull (Ossuary)
  A scorpion (D:5)
  2 burial acolytes (Ossuary)
  A howler monkey (D:6)
  2 electric eels (D:7)
  4 bombardier beetles
  An orc priest (D:4)
  2 human zombies (Ossuary)
  2 gnoll boudas (D:5)
  A hound (D:5)
  2 sleepcaps
  3 iguanas
  2 hound zombies (Ossuary)
  2 mummies (Ossuary)
  8 adders
  14 gnolls
  A white imp (D:6)
  3 ribbon worms
  4 dart slugs
  13 orcs
  11 endoplasms
  2 giant cockroaches
  6 gnoll zombies (Ossuary)
  4 goblins
  9 hobgoblins
  3 jackals (D:3)
  3 quokkas
  11 ball pythons
  6 bats
  4 frilled lizards
  6 kobolds
  5 orc zombies (Ossuary)
  4 rats
153 creatures vanquished.

Notes
Turn   | Place    | Note
-------+----------+-------------------------------------------
     0 | D:1      | Aviak the Formicid Alchemist began the quest for the Orb.
     0 | D:1      | Reached XP level 1. HP: 13/13 MP: 3/3
    55 | D:1      | Reached skill level 1 in Conjurations
   164 | D:1      | Reached XP level 2. HP: 7/19 MP: 3/5
   696 | D:1      | Reached XP level 3. HP: 8/24 MP: 1/6
  1129 | D:2      | Reached XP level 4. HP: 27/30 MP: 3/8
  1745 | D:3      | Noticed an ogre
  1760 | D:2      | Learned a level 2 spell: Mercury Vapours
  1884 | D:3      | Reached skill level 1 in Fighting
  1923 | D:3      | Reached skill level 5 in Alchemy
  1931 | D:3      | Reached skill level 1 in Armour
  2056 | D:3      | Reached XP level 5. HP: 37/37 MP: 9/9
  2064 | D:3      | Killed an ogre
  2086 | D:3      | Reached XP level 6. HP: 20/44 MP: 2/11
  2623 | D:3      | Found a burning altar of Makhleb.
  2918 | D:4      | Noticed an ogre
  2935 | D:4      | Killed an ogre
  3234 | D:4      | Reached XP level 7. HP: 31/51 MP: 1/13
  3996 | D:4      | Found a staircase to the Ecumenical Temple.
  4008 | Temple   | Entered the Ecumenical Temple
  4022 | Temple   | Became a worshipper of Zin the Law-Giver
  4022 | Temple   | Reached * piety under Zin
  4152 | D:4      | Found a sparkling altar of Nemelex Xobeh.
  4229 | D:5      | Entered Level 5 of the Dungeon
  4236 | D:5      | Noticed Grinder
  4250 | D:5      | Killed Grinder
  4375 | D:5      | Reached XP level 8. HP: 49/61 MP: 10/14
  4413 | D:5      | Found a sand-covered staircase.
  4420 | Ossuary  | Entered an ossuary
  4444 | Ossuary  | Reached skill level 5 in Fighting
  4516 | Ossuary  | Reached skill level 5 in Armour
  4962 | Ossuary  | Reached ** piety under Zin
  5150 | Ossuary  | Reached skill level 1 in Polearms
  5150 | Ossuary  | Reached skill level 1 in Invocations
  5763 | D:5      | Reached XP level 9. HP: 69/69 MP: 10/15
  5855 | D:5      | Reached *** piety under Zin
  6651 | D:6      | Reached skill level 5 in Invocations
  6953 | D:6      | Found a hazy altar of Hepliaklqana.
  6960 | D:6      | Reached **** piety under Zin
  6973 | D:6      | Found Okhlawnas's Armour Boutique.
  6989 | D:6      | Bought a +0 buckler for 49 gold pieces
  7038 | D:6      | Found Jiadwo Nali's Jewellery Emporium.
  7151 | D:6      | Identified the +1 rapier of Reuv {freeze, rC- Dex+6}
  7276 | D:6      | Found Vyptagro's Antique Armour Boutique.
  7282 | D:6      | Bought a runed cloak for 202 gold pieces
  7539 | D:7      | Reached skill level 1 in Shields
  7650 | D:7      | HP: 3/69 [electric eel/bolt of electricity (10)]
  7650 | D:7      | Killed from afar by an electric eel

Illustrated notes

Levels and vault maps discovered:
D:1:      lightli_arrival_maybe_door_vault, layout_rooms
D:2:      layout_rooms, serial_curves, eino_curves_02, eino_curves_02,
          nrook_mini_backslash
D:3:      layout_basic, lemuel_crystal_altar, minmay_circle_x
D:4:      layout_basic, nemelex_dance_club_becter,
          minmay_temple_entry_sparse_star, nrook_uturn
D:5:      layout_gridville, chequers_ossuary_entry_cave, uniq_grinder
D:6:      layout_basic, overflow_temple_1_default, serial_shops, shop,
          nicolae_shop_gaudy_bauble, nicolae_shop_hallway_plus
D:7:      layout_rooms, serial_bayou, serial_bayou_lagoon_b,
          serial_bayou_pond_c, serial_bayou_pond_e, serial_bayou_lake_a,
          gammafunk_ghost_grave, nicolae_shop_vocational
Temple:   nicolae_temple_slightly_damp_pantheon

Skill      XL: |  1  2  3  4  5  6  7  8  9 |
---------------+----------------------------+-----
Conjurations   | 1 |  1.0
Dodging        | 2 |  2.5
Spellcasting   | 3 4 |  4.0
Fighting       | 1 2 4 6 |  6.0
Alchemy        | 5 6 |  6.0
Armour         | 1 2 4 6 |  6.0
Polearms       | 2 4 |  4.9
Invocations    | 2 5 |  5.7
Shields        | 1 |  1.1
Stealth        | |  2.4

Action                     |  1- 3 |  4- 6 |  7- 9 || total
---------------------------+-------+-------+-------++-------
  Melee: Trident           |    32 |    88 |   310 ||   430
         Unarmed           |     4 |       |       ||     4
         Punch             |       |       |     8 ||     8
   Cast: Sting             |    48 |    50 |    40 ||   138
         Mercury Vapours   |       |    23 |    54 ||    77
 Invoke: Recite            |       |       |     5 ||     5
  Evoke: Wand              |       |       |     1 ||     1
    Use: Scroll            |       |       |     4 ||     4
         Potion            |       |       |     8 ||     8
   Stab: Sleeping          |       |     1 |     1 ||     2
         Confused          |       |       |     2 ||     2
         Invisible         |       |       |     1 ||     1
 Armour: Robe              |    30 |       |       ||    30
         Ring mail         |     2 |    72 |   281 ||   355
  Dodge: Dodged            |    37 |    78 |   207 ||   322
